Map: Ruins of Seras

Players

VampyWorm - Winner!

  • Race: Protoss Protoss
  • League: Diamond

TecK

  • Race: Terran Terran
  • League: Diamond

VOD

Have the link to the VOD?

Description

Time

  • Played on: Dec. 12, 2015, 2:50 a.m.
  • Length: 21:33
Show
View Real Time Build Order
Export as new Build Order

VampyWorm Protoss - Winner!

Build Orders:  

Get SALT Encoding   

  12  0:01  Probe (Chrono Boost)  
  13  0:11  Probe (Chrono Boost)  
  14  0:19  Pylon  
  14  0:22  Probe (Chrono Boost)  
  15  0:37  Probe (Chrono Boost)  
  16  0:48  Probe (Chrono Boost)  
  17  1:06  Nexus  
  17  1:10  Assimilator  
  17  1:16  Gateway  
  17  1:19  Probe (Chrono Boost)  
  18  1:25  Assimilator  
  18  1:30  Probe (Chrono Boost)  
  19  1:40  Probe (Chrono Boost)  
  19  1:46  Pylon  
  20  1:51  Probe (Chrono Boost)  
  21  2:02  Probe (Chrono Boost)  
  21  2:03  Cybernetics Core  
  22  2:12  Probe (Chrono Boost)  
  22  2:18  Probe (Chrono Boost)  
  24  2:23  Probe (Chrono Boost)  
  24  2:29  Probe (Chrono Boost)  
  25  2:40  Mothership Core (Chrono Boost)  
  26  2:55  Probe (Chrono Boost)  
  24  3:02  Probe (Chrono Boost)  
  26  3:05  Probe (Chrono Boost)  
  26  3:13  Stalker, Probe (Chrono Boost)  
  26  3:14  Warp Gate  
  26  3:16  Probe (Chrono Boost)  
  26  3:19  Stargate  
  29  3:23  Probe (Chrono Boost)  
  29  3:26  Probe (Chrono Boost)  
  31  3:34  Probe (Chrono Boost)  
  32  3:38  Robotics Facility  
  32  3:40  Probe (Chrono Boost)  
  33  3:50  Probe (Chrono Boost)  
  33  3:54  Probe (Chrono Boost)  
  35  4:00  Probe (Chrono Boost)  
  35  4:01  Pylon, Oracle (Chrono Boost)  
  39  4:10  Gateway  
  39  4:15  Gateway  
  39  4:17  Probe  
  39  4:18  Probe  
  41  4:25  Observer (Chrono Boost)  
  41  4:29  Probe  
  41  4:30  Probe  
  41  4:31  Assimilator  
  44  4:33  Pylon  
  44  4:36  Void Ray  
  44  4:45  Observer (Chrono Boost)  
  49  4:50  Probe  
  44  4:55  Probe  
  40  5:02  Probe  
  38  5:07  Probe  
  38  5:14  Probe, Warp Prism (Chrono Boost)  
  40  5:19  Probe  
  43  5:26  Probe  
  44  5:32  Probe  
  43  5:38  Probe  
  43  5:44  Probe  
  43  5:49  Adept x2  
  48  5:50  Probe  
  48  5:56  Probe  
  50  6:00  Void Ray  
  50  6:02  Probe  
  51  6:08  Probe  
  56  6:14  Probe  
  57  6:20  Probe  
  57  6:23  Adept x2  
  62  6:27  Probe  
  62  6:32  Probe  
  61  6:35  Pylon  
  61  6:37  Pylon, Assimilator  
  61  6:39  Probe  
  62  6:53  Probe x2  
  64  7:01  Adept x2  
  64  7:02  Adept  
  64  7:05  Probe  
  65  7:11  Void Ray  
  65  7:13  Probe  
  64  7:17  Probe  
  64  7:21  Robotics Bay  
  69  7:24  Stalker  
  69  7:25  Probe  
  69  7:26  Stalker  
  69  7:29  Probe  
  76  7:37  Probe  
  76  7:43  Adept  
  76  7:44  Probe  
  76  7:47  Adept  
  76  7:49  Probe  
  78  7:56  Probe  
  73  8:01  Probe  
  73  8:02  Stalker  
  74  8:17  Nexus, Pylon  
  74  8:20  Pylon  
  74  8:25  Probe  
  75  8:32  Twilight Council  
  75  8:34  Extended Thermal Lance  
  75  8:35  Probe  
  75  8:36  Colossus (Chrono Boost)  
  75  8:37  Forge  
  82  8:42  Probe  
  82  8:47  Stalker x3  
  89  8:52  Probe  
  90  9:02  Probe  
  91  9:04  Pylon  
  91  9:08  Pylon  
  91  9:10  Protoss Ground Weapons Level 1 (Chrono Boost)  
  91  9:11  Pylon  
  91  9:23  Colossus (Chrono Boost)  
  97  9:25  Stalker x2  
  97  9:30  Stalker  
  102  9:43  Probe x2  
  104  9:48  Void Ray  
  104  9:52  Gateway  
  104  9:59  Assimilator  
  108  10:02  Assimilator  
  108  10:04  Blink  
  108  10:05  Colossus (Chrono Boost)  
  108  10:08  Probe  
  108  10:13  Pylon  
  115  10:15  Photon Cannon  
  115  10:19  Adept x2  
  115  10:20  Adept  
  121  10:28  Forge  
  121  10:30  Pylon  
  121  10:39  Void Ray  
  125  10:48  Gateway  
  125  10:49  Gateway  
  123  10:51  Pylon  
  123  10:53  Protoss Ground Armor Level 1 (Chrono Boost)  
  129  10:58  Nexus  
  129  11:02  Warp Prism  
  125  11:12  Probe  
  125  11:15  Protoss Ground Weapons Level 2 (Chrono Boost)  
  125  11:16  Probe  
  125  11:18  Probe  
  128  11:29  Stalker x4  
  136  11:36  Disruptor  
  136  11:39  Pylon  
  139  11:44  Pylon, Void Ray (Chrono Boost)  
  139  11:46  Pylon  
  143  12:00  Stalker  
  145  12:02  Adept x5  
  127  12:17  Probe  
  127  12:18  Probe  
  127  12:20  Probe  
  98  12:23  Stalker x5  
  98  12:24  Stalker, Probe  
  98  12:38  Disruptor  
  101  12:47  Stalker  
  101  12:48  Stalker x3, Adept x2  
  112  12:54  Assimilator  
  112  12:55  Assimilator  
  112  13:09  Nexus  
  112  13:14  Disruptor  
  112  13:16  Protoss Ground Armor Level 2 (Chrono Boost)  
  115  13:23  Zealot x2  
  115  13:24  Zealot  
  121  13:30  Probe  
  120  13:44  Protoss Ground Weapons Level 3 (Chrono Boost)  
  120  13:46  Stalker x2  
  120  13:47  Adept x4  
  126  13:50  Disruptor  
  129  13:57  Probe x2  
  129  13:58  Probe  
  129  13:59  Pylon  
  132  14:09  Probe  
  133  14:23  Stalker x2  
  133  14:24  Adept x3  
  139  14:25  Stalker, Disruptor (Chrono Boost)  
  146  14:51  Stalker x2  
  150  14:53  Nexus  
  150  14:57  Dark Shrine  
  150  14:58  Stalker x2  
  154  15:06  Colossus (Chrono Boost)  
  160  15:20  Stalker x3, Adept  
  160  15:21  Adept  
  170  15:24  Stalker  
  172  15:32  Protoss Ground Armor Level 3 (Chrono Boost)  
  168  15:44  Stalker x3  
  168  15:45  Adept x2  
  174  16:22  Stalker x2  
  174  16:23  Stalker x2, Adept x2  
  117  17:13  Stalker x3  
  117  17:14  Adept x3  
  108  17:24  Disruptor  
  102  17:37  Adept x5  
  107  17:55  Colossus  
  106  17:59  Void Ray  
  106  18:02  Nexus  
  114  18:09  Stalker x4  
  114  18:10  Adept x2  
  126  18:27  Gateway  
  126  18:29  Gateway  
  126  18:30  Gateway  
  126  18:31  Assimilator  
  126  18:33  Gateway  
  126  18:35  Assimilator  
  126  18:37  Pylon  
  126  18:38  Stalker x3  
  126  18:39  Pylon x2  
  126  18:40  Dark Templar x3  
  138  18:41  Pylon  
  138  18:44  Disruptor  
  141  19:10  Stalker x3  
  141  19:12  Dark Templar  
  141  19:15  Zealot x2, Warp Prism  
  155  19:48  Stalker x4  
  155  19:49  Adept x2  
  167  19:57  Warp Prism  
  149  20:15  Stalker x2  
  149  20:16  Stalker x4  
  149  20:18  Archon  
  131  20:39  Dark Templar x2  
  131  20:40  Dark Templar x2  
  131  20:41  Zealot x3  
  131  20:42  Zealot x3  
  151  20:43  Archon  
  151  20:44  Archon  
  113  21:04  Stalker x2  
  113  21:05  Stalker x3, Adept  
  119  21:21  Stalker  
  119  21:22  Stalker x3  
Show
View Real Time Build Order
Export as new Build Order

TecK Terran 

Build Orders: Reaper Expand, MMM Bio 

Get SALT Encoding   

  12  0:00  SCV  
  13  0:13  SCV  
  14  0:18  Supply Depot  
  14  0:25  SCV  
  15  0:39  SCV  
  15  0:41  Barracks  
  16  0:45  Refinery  
  16  0:51  SCV  
  17  1:03  SCV  
  18  1:16  SCV  
  19  1:27  Reaper  
  19  1:30  Orbital Command  
  20  1:43  Command Center  
  20  1:56  SCV  
  20  1:57  Supply Depot  
  21  2:08  Barracks Reactor, SCV  
  22  2:21  SCV  
  23  2:24  Factory  
  23  2:33  SCV  
  24  2:45  Marine  
  24  2:46  Marine  
  24  2:47  SCV  
  27  2:59  SCV  
  27  3:02  Orbital Command  
  27  3:03  Marine x2  
  30  3:11  SCV  
  31  3:17  Refinery  
  31  3:28  SCV x2, Starport  
  31  3:31  Hellion x2  
  31  3:34  Bunker  
  37  3:40  SCV x2  
  37  3:41  Engineering Bay  
  39  3:52  SCV x2  
  39  3:53  Hellion x2  
  45  3:56  Barracks Tech Lab  
  45  4:04  Supply Depot, SCV  
  45  4:08  Supply Depot, Starport Tech Lab  
  46  4:10  Missile Turret  
  46  4:14  Missile Turret  
  46  4:26  SCV x2  
  46  4:27  Cloaking Field  
  46  4:28  Banshee  
  51  4:37  Marauder  
  51  4:38  SCV x2  
  46  5:10  Marine  
  46  5:11  Missile Turret  
  46  5:12  Missile Turret  
  46  5:13  Missile Turret  
  47  5:22  Command Center  
  47  5:25  Barracks  
  47  5:27  Marine  
  48  5:28  Barracks  
  45  5:50  Stimpack, Marine  
  45  5:53  Hellion x2, Starport Reactor  
  45  5:54  SCV x2  
  45  5:56  Refinery  
  52  5:57  Supply Depot  
  52  5:58  Supply Depot, Refinery  
  52  6:06  SCV x2  
  52  6:08  Marine  
  52  6:09  Terran Infantry Weapons Level 1  
  55  6:14  Barracks Reactor  
  55  6:16  Barracks Tech Lab  
  48  6:26  Marine  
  49  6:33  Barracks Reactor  
  49  6:34  Medivac  
  49  6:35  SCV, Medivac  
  49  6:36  SCV  
  49  6:37  Hellion x2  
  59  6:44  Marine  
  60  6:48  SCV x2  
  62  6:55  Marine x2  
  60  7:02  Marine  
  55  7:10  Marine x2  
  55  7:13  Hellion x2, Marine x2  
  60  7:19  Viking, Marine  
  63  7:27  Marine  
  63  7:28  Marine  
  65  7:31  Marine  
  65  7:36  Marine  
  67  7:37  Marine  
  64  7:45  Marine x2  
  64  7:48  Marine  
  63  7:54  Marine  
  63  7:55  Marine  
  60  7:59  SCV x2  
  60  8:03  Marine x2  
  64  8:06  Marine  
  64  8:10  Barracks, Medivac x2  
  64  8:11  SCV, Hellion x2, Marine  
  64  8:12  Combat Shields, Barracks  
  75  8:13  Marauder, Orbital Command  
  77  8:21  Marine  
  77  8:23  Terran Infantry Armor Level 1  
  78  8:27  Command Center, Armory, Engineering Bay, Marine  
  78  8:28  Marine  
  80  8:35  Marauder  
  80  8:37  SCV  
  80  8:38  SCV  
  84  8:45  Viking  
  86  8:49  SCV  
  86  8:52  Orbital Command  
  87  8:56  Marine  
  87  8:57  Marine x4  
  87  9:01  Barracks Reactor x2  
  92  9:03  SCV  
  93  9:13  Terran Infantry Weapons Level 2  
  93  9:20  Supply Depot  
  93  9:23  Supply Depot  
  93  9:35  Marine x2  
  93  9:36  SCV x2, Marine  
  93  9:37  Marine  
  93  9:38  Marine  
  93  9:43  Viking x2  
  93  9:44  Marine x2  
  93  9:45  Marine x2  
  97  9:53  Marine x2  
  97  9:54  Marine  
  97  9:56  Marine  
  101  10:00  Marine  
  101  10:02  Marine x3  
  101  10:03  Marine  
  101  10:06  Supply Depot  
  101  10:07  Supply Depot x2, Terran Vehicle Weapons Level 1  
  106  10:11  Marine  
  106  10:13  Viking  
  109  10:14  Marauder  
  109  10:16  Viking  
  113  10:21  Terran Infantry Armor Level 2  
  113  10:27  Planetary Fortress  
  113  10:31  SCV  
  113  10:32  SCV x2  
  113  10:33  Marine x2  
  118  10:36  Marauder  
  120  10:43  Viking  
  120  10:46  Viking  
  124  10:52  SCV x2  
  124  10:55  Refinery x2  
  126  11:00  Marine  
  126  11:01  Marine x3  
  126  11:02  Marine x2, Marauder  
  134  11:07  SCV x2  
  134  11:11  SCV x2  
  138  11:16  Supply Depot  
  138  11:19  SCV  
  138  11:20  Supply Depot x2  
  138  11:23  Marauder  
  141  11:34  Marine x3  
  141  11:35  Marine x3  
  141  11:36  Marine  
  141  11:37  Marine  
  149  11:41  Terran Infantry Weapons Level 3  
  149  11:44  Marauder, Medivac  
  149  11:45  Medivac  
  155  11:55  Supply Depot x2  
  155  11:56  Supply Depot  
  155  12:05  Marine x6  
  155  12:06  Marauder  
  114  12:24  Liberator x2  
  114  12:26  Marine x5  
  114  12:27  Marauder, Marine x2  
  105  12:38  SCV, Marine  
  105  12:44  Marine x3  
  109  12:49  Marauder  
  114  12:51  Marine  
  114  12:52  Marine x3  
  114  12:56  Marine  
  119  13:02  Marine x2  
  121  13:10  Marauder  
  121  13:11  Command Center  
  123  13:16  Refinery  
  123  13:17  Terran Infantry Armor Level 3  
  123  13:18  Refinery  
  123  13:19  Terran Vehicle And Ship Armor Level 1  
  123  13:22  Marine x4  
  123  13:23  Marine x2  
  123  13:24  Viking x2, Marine  
  134  13:31  Orbital Command, Marauder  
  136  13:38  Marine  
  136  13:40  Marine x3  
  140  13:53  Marine x2, Orbital Command, Marauder  
  140  13:54  Marine x2  
  146  13:56  Marine  
  146  13:58  Marine  
  148  14:05  Starport  
  148  14:14  Marauder  
  150  14:22  Marine x5  
  150  14:23  Marine x3  
  157  14:32  Planetary Fortress  
  157  14:34  Viking  
  157  14:35  Viking  
  157  14:36  Marauder  
  163  14:40  Marine x2  
  165  14:50  Starport Reactor  
  165  14:53  Barracks  
  165  14:54  Barracks  
  165  14:57  Barracks, Marauder  
  167  15:04  Viking  
  167  15:05  Marine x3  
  167  15:06  Marine x5  
  177  15:18  Marauder  
  179  15:23  Marine x4  
  183  15:31  Marine x3  
  180  15:36  Liberator x3  
  182  15:44  Marine  
  182  15:45  Marine x4  
  186  15:50  Barracks Reactor x3  
  186  15:51  Marine x3  
  186  15:52  Marine  
  198  16:02  Terran Vehicle And Ship Armor Level 2, Marine x2  
  200  16:37  Medivac  
  196  16:50  Command Center  
  196  16:51  Command Center  
  196  16:53  Command Center  
  194  16:56  Command Center  
  186  17:06  Orbital Command  
  135  17:14  Marine x6  
  135  17:15  Marine x9  
  142  17:32  Marine x5  
  142  17:33  Marauder  
  115  17:40  Medivac x4  
  115  17:42  Marine x2  
  112  17:52  Marine x3  
  115  17:59  Ghost Academy  
  115  18:02  Orbital Command  
  115  18:03  Orbital Command  
  112  18:05  Orbital Command  
  112  18:08  Orbital Command  
  112  18:10  Medivac  
  114  18:22  Marine  
  114  18:23  Marine x14  
  129  18:28  Medivac x2  
  133  18:35  Personal Cloaking  
  133  18:42  Marauder  
  133  18:48  Liberator x4, Marine x6  
  137  18:49  Marine x6  
  137  18:50  Marine  
  148  19:02  Marine  
  148  19:03  Marauder  
  148  19:06  Marine x3  
  166  19:12  Marine x5  
  171  19:24  Marauder  
  171  19:25  Marine x9  
  171  19:28  Orbital Command  
  171  19:29  Marine  
  171  19:30  Marine x3  
  186  19:32  Barracks  
  186  19:34  Liberator  
  186  19:35  Barracks, Liberator x2  
  186  19:39  Barracks  
  186  19:40  Barracks  
  186  19:41  Orbital Command  
  186  19:46  Marauder  
  186  19:49  Marine  
  196  20:07  Marauder  
  141  20:18  Marine x9  
  141  20:19  Marine x6  
  116  20:28  Marine  
  116  20:29  Marauder, Marine x2  
  98  20:36  Marine x8  
  89  20:50  Marauder  
  89  20:52  Medivac x3  
  89  20:53  Medivac  
  89  20:55  Marine x2  
  81  21:01  Marine x2  
  81  21:02  Marine  
  57  21:11  Marauder  
Tags
 
Add a new tag
Caveats
  • Supply blocks, unpowered buildings, or Contaminate may cause inaccurate times.
  • Supply counts are checked every 10 seconds.